 Dungeon Crawl Stone Soup version 0.30-a0-223-gcb0039aa0c (webtiles) character file.

Game seed: 16015902173367004691

1530 qw the Cleaver (level 8, -4/51 HPs)
             Began as a Gargoyle Fighter on Oct 9, 2022.
             Was an Initiate of Okawaru.
             Slain by an orc
             ... wielding a +0 flail
              (5 damage)
             ... on level 6 of the Dungeon.
             The game lasted 00:02:07 (4923 turns).

qw the Cleaver (Gargoyle Fighter)                   Turns: 4923, Time: 00:02:08

Health: -4/51      AC: 17    Str: 22    XL:     8   Next: 85%
Magic:  8/8        EV:  7    Int:  9    God:    Okawaru [......]
Gold:   264        SH:  4    Dex:  9    Spells: 7/7 levels left

rFire   + . .      SeeInvis +    Y - +2 war axe
rCold   . . .      Faith    .    c - +0 buckler
rNeg    + . .      Spirit   .    p - +0 chain mail
rPois   inf        Reflect  .    a - +0 helmet
rElec   +          Harm     .    (no cloak)
rCorr   .          Rampage  .    (no gloves)
Will    .....                    m - +0 pair of boots
Stlth   ..........               (no amulet)
HPRegen 0.28/turn                o - ring of see invisible
MPRegen 0.11/turn                f - ring of protection from fire

@: no status effects
A: sickness immunity, AC +5, negative energy resistance 1, electricity
resistance, torment resistance 1, petrification resistance
a: Renounce Religion


You were on level 6 of the Dungeon.
You worshipped Okawaru.
Okawaru was noncommittal.
You visited 2 branches of the dungeon, and saw 7 of its levels.

You collected 264 gold pieces.


Innate Abilities, Weirdness & Mutations

You are immune to sickness and miasma.
Your stone body is resilient. (AC +5)
You are immune to poison.
You resist negative energy. (rN+)
You are resistant to electric shocks. (rElec)
You are resistant to unholy torment.
You are immune to petrification.


   Skills:
 - Level 6.1 Fighting
 + Level 8.4 Axes
 - Level 1.4 Throwing
 - Level 4.0 Armour
 - Level 1.4 Dodging
 - Level 3.2 Shields


You had 7 spell levels left.
You didn't know any spells.
Your spell library was empty.

Inventory:

Hand Weapons
 b - a +0 flail
 Y - a +2 war axe (weapon)
Missiles
 l - 2 boomerangs (quivered)
Armour
 a - a +0 helmet (worn)
 c - a +0 buckler (worn)
 m - a +0 pair of boots (worn)
 p - a +0 chain mail (worn)
Jewellery
 f - a ring of protection from fire (right hand)
 i - an amulet of regeneration
 o - a ring of see invisible (left hand)
Scrolls
 j - a scroll of identify
Potions
 d - 2 potions of might
 e - a potion of lignification
 g - a potion of flight {unknown}
 h - 4 potions of curing
 k - a potion of attraction
 q - a potion of resistance {unknown}

Dungeon Overview and Level Annotations

Branches:
Dungeon (6/15)             Temple (1/1) D:6

Altars:
Ashenzari
Cheibriados
Dithmenos
Gozag
Hepliaklqana
Kikubaaqudgha
Makhleb
Nemelex Xobeh
Okawaru
Qazlal
Ru
Sif Muna
Trog
Uskayaw
Vehumet
Xom
Yredelemnul
Zin
The Shining One


Message History

The bullfrog hits you but does no damage. x2
You slash the bullfrog!
You kill the bullfrog!
Okawaru accepts your kill.
You start resting.
Your surroundings suddenly seem different.
An orc wizard and 3 orcs come into view.
An orc is wielding a +2 dagger of venom.
Found a stone staircase leading up.
The orc shouts! x3
The orc wizard hits you but does no damage.
You closely miss the orc wizard. You closely miss the orc. You hit the orc.
You closely miss the orc. The orc barely misses you.
You block the orc's attack. The orc barely misses you.
The orc wizard points at you and mumbles some strange words.
You resist with some effort.
You hit the orc but do no damage.
The orc is heavily wounded.
You hit the orc but do no damage. You hit the orc wizard. You hit the orc.
The orc hits you but does no damage. x2; The orc hits you with a +0 flail.
The orc wizard gestures at you while chanting.
The puff of flame hits you but does no damage.
The orc hits you but does no damage.
The orc wizard hits you with a +0 dagger.
You block the orc's attack.
The orc hits you with a +2 dagger of venom.
You slash the orc wizard!
You kill the orc wizard!
Okawaru accepts your kill.
You slash the orc!
You kill the orc!
Okawaru accepts your kill.
You hit the orc but do no damage. You barely miss the orc.
The orc hits you but does no damage. The orc barely misses you.
You barely miss the orc.
The orc is heavily wounded.
You barely miss the orc. The orc hits you with a +0 flail.
You die...

### ######
##...#....#
.<....o)..#
......o@).#
..........#
.......####
......#
##...#
#.... #...
#...


You could see 2 orcs.

Vanquished Creatures
  Grinder (D:6)
  A black bear (D:4)
  A bullfrog (D:6)
  A necrophage (D:5)
  3 scorpions
  5 killer bees (D:6)
  3 howler monkeys
  A hound (D:5)
  2 jellies
  A gnoll bouda (D:4)
  2 iguanas
  Natasha (thrice) (D:2)
  4 orc wizards
  12 adders
  5 gnolls (D:4)
  3 worms
  A dart slug (D:4)
  21 orcs
  2 bats
  9 endoplasms
  2 giant cockroaches
  9 goblins
  7 hobgoblins
  6 jackals
  6 kobolds
  2 quokkas (D:2)
  5 ball pythons
  3 frilled lizards
  4 rats
125 creatures vanquished.

Vanquished Creatures (others)
  3 plants (D:6)
3 creatures vanquished.

Grand Total: 128 creatures vanquished

Notes
Turn   | Place    | Note
-------+----------+-------------------------------------------
     0 | D:1      | qw the Gargoyle Fighter began the quest for the Orb.
     0 | D:1      | Reached XP level 1. HP: 14/14 MP: 1/1
     0 | D:1      | 0 ||| qw: Version: 0.2-a-17-g06abaee
     0 | D:1      | 0 ||| qw: Game counter: 2136
     0 | D:1      | 0 ||| qw: Always use a shield: true
     0 | D:1      | 0 ||| qw: God list: Okawaru
     0 | D:1      | 0 ||| qw: Allow faded altars: false
     0 | D:1      | 0 ||| qw: Do Orc after D:15 true
     0 | D:1      | 0 ||| qw: Do second Lair branch before Depths: true
     0 | D:1      | 0 ||| qw: Lair rune preference: random
     0 | D:1      | 0 ||| qw: Plans: Normal, Zot:1-4, God:TSO, Crypt, Tomb,
                  | Pan, Slime:5, Hells, Abyss, Orb
     0 | D:1      | 0 ||| PLANNING D:1-11
    65 | D:1      | Reached skill level 2 in Axes
   237 | D:1      | Reached XP level 2. HP: 19/19 MP: 2/2
   351 | D:1      | 351 ||| Stepping ~*~*~tactically~*~*~ (stealth).
   718 | D:1      | Found a glowing golden altar of the Shining One.
   721 | D:1      | 721 ||| READING scroll labelled XEATSI TYUSCH.
   722 | D:1      | 722 ||| READING scroll labelled ONYJOKHOASK.
   726 | D:1      | 726 ||| READING 3 scrolls labelled IMIUSE USYEMP.
   727 | D:1      | 727 ||| READING scroll labelled DUEMULUIBI.
   728 | D:1      | 728 ||| READING scroll labelled WUJYCS JUUROXA.
   829 | D:1      | 829 ||| READING 2 scrolls of identify.
   829 | D:1      | 829 ||| IDENTIFYING red potion
   877 | D:2      | Reached skill level 3 in Axes
   877 | D:2      | Reached XP level 3. HP: 18/23 MP: 3/3
   877 | D:2      | 877 ||| FLEEEEING.
   886 | D:2      | 886 ||| STAIRDANCE
   902 | D:1      | 902 ||| UPGRADING to +0 helmet.
   912 | D:2      | Found a faded altar of an unknown god.
   912 | D:2      | Noticed a shining eye
   919 | D:2      | 919 ||| Stepping randomly (stuck).
   919 | D:2      | Noticed a shining eye
   919 | D:2      | Noticed a great orb of eyes
   919 | D:2      | Noticed a floating eye
   920 | D:2      | 920 ||| Stepping randomly (stuck).
  1158 | D:2      | Reached XP level 4. HP: 28/28 MP: 4/4
  1179 | D:2      | 1179 ||| Stepping ~*~*~tactically~*~*~ (stealth).
  1261 | D:2      | Noticed Natasha
  1268 | D:2      | Reached skill level 4 in Axes
  1269 | D:2      | Killed Natasha
  1358 | D:2      | Noticed Natasha
  1359 | D:2      | 1359 ||| Stepping ~*~*~tactically~*~*~ (stealth).
  1368 | D:2      | Killed Natasha
  1369 | D:2      | Reached XP level 5. HP: 32/32 MP: 5/5
  1562 | D:2      | Noticed Natasha
  1563 | D:2      | 1563 ||| Stepping ~*~*~tactically~*~*~ (hiding).
  1571 | D:2      | Killed Natasha
  1707 | D:2      | 1707 ||| UPGRADING to +0 chain mail.
  1717 | D:2      | 1717 ||| DROPPING +0 scale mail.
  1718 | D:2      | 1718 ||| UPGRADING to ring of see invisible.
  1719 | D:2      | 1719 ||| READING scroll labelled SAW NITHRAMM.
  1720 | D:2      | 1720 ||| READING scroll labelled VIPHOA HOK EWNOM.
  1721 | D:2      | 1721 ||| READING scroll labelled WINLEUTTAE.
  1722 | D:2      | 1722 ||| READING scroll labelled TUEXZIHILI.
  1723 | D:2      | 1723 ||| DRINKING 2 dark potions.
  1752 | D:2      | 1752 ||| READING 2 scrolls of identify.
  1752 | D:2      | 1752 ||| IDENTIFYING viscous red potion
  1778 | D:3      | Found a snail-covered altar of Cheibriados.
  1778 | D:3      | Found an opulent altar of Gozag.
  1778 | D:3      | Found a hide-covered altar of Uskayaw.
  1879 | D:3      | 1879 ||| Stepping ~*~*~tactically~*~*~ (stealth).
  1881 | D:3      | 1881 ||| Stepping ~*~*~tactically~*~*~ (stealth).
  1890 | D:3      | Reached skill level 5 in Axes
  1904 | D:3      | 1904 ||| Stepping ~*~*~tactically~*~*~ (stealth).
  1945 | D:3      | 1945 ||| Stepping ~*~*~tactically~*~*~ (stealth).
  2038 | D:3      | 2038 ||| READING scroll of enchant weapon.
  2038 | D:3      | 2038 ||| ENCHANTING +1 war axe.
  2148 | D:3      | 2148 ||| Stepping ~*~*~tactically~*~*~ (stealth).
  2155 | D:3      | 2155 ||| Stepping ~*~*~tactically~*~*~ (stealth).
  2350 | D:3      | Found a hazy altar of Hepliaklqana.
  2372 | D:3      | Found a shimmering blue altar of Sif Muna.
  2459 | D:3      | 2459 ||| DROPPING scarf of shadows.
  2460 | D:3      | 2460 ||| UPGRADING to +0 pair of boots.
  2465 | D:3      | 2465 ||| UPGRADING to amulet of guardian spirit.
  2470 | D:3      | 2470 ||| READING scroll labelled FIFYDE XALO.
  2471 | D:3      | 2471 ||| READING scroll labelled CETTEI HEIXZIB.
  2500 | D:4      | HP: 7/33 [iguana (6)]
  2501 | D:4      | 2501 ||| READING scroll of teleportation.
  2502 | D:4      | 2502 ||| DRINKING 2 potions of heal wounds.
  2505 | D:4      | Reached XP level 6. HP: 30/38 MP: 0/6
  2598 | D:4      | HP: 7/38 [gnoll/+0 spear[a gnoll bouda] (4)]
  2599 | D:4      | 2599 ||| DRINKING potion of heal wounds.
  2674 | D:4      | 2674 ||| DROPPING +0 mace.
  2727 | D:4      | Noticed a black bear
  2738 | D:4      | 2738 ||| Stepping ~*~*~tactically~*~*~ (stealth).
  2740 | D:4      | 2740 ||| Stepping ~*~*~tactically~*~*~ (stealth).
  2741 | D:4      | 2741 ||| Stepping ~*~*~tactically~*~*~ (stealth).
  2742 | D:4      | Killed a black bear
  2743 | D:4      | Reached skill level 6 in Axes
  2743 | D:4      | 2743 ||| FLEEEEING.
  2744 | D:4      | 2744 ||| FLEEEEING.
  2745 | D:4      | 2745 ||| FLEEEEING.
  2746 | D:4      | 2746 ||| FLEEEEING.
  2747 | D:4      | 2747 ||| FLEEEEING.
  2748 | D:4      | 2748 ||| FLEEEEING.
  2749 | D:4      | 2749 ||| STAIRDANCE
  2830 | D:4      | 2830 ||| STAIRDANCE
  2855 | D:3      | 2855 ||| UPGRADING to ring of protection from fire.
  3021 | D:4      | Reached skill level 1 in Dodging
  3021 | D:4      | Reached XP level 7. HP: 43/43 MP: 7/7
  3213 | D:4      | Found a sparkling altar of Nemelex Xobeh.
  3213 | D:4      | Found a shadowy altar of Dithmenos.
  3458 | D:4      | 3458 ||| Stepping ~*~*~tactically~*~*~ (stealth).
  3629 | D:4      | 3629 ||| READING scroll labelled IMULLO MOHEED.
  3630 | D:4      | 3630 ||| DRINKING 2 sedimented blue potions.
  3735 | D:4      | 3735 ||| DROPPING potion of berserk rage.
  3752 | D:5      | Entered Level 5 of the Dungeon
  3919 | D:5      | 3919 ||| FLEEEEING.
  3920 | D:5      | 3920 ||| FLEEEEING.
  3921 | D:5      | 3921 ||| FLEEEEING.
  3922 | D:5      | 3922 ||| FLEEEEING.
  3923 | D:5      | 3923 ||| FLEEEEING.
  3924 | D:5      | 3924 ||| FLEEEEING.
  3925 | D:5      | 3925 ||| FLEEEEING.
  3932 | D:5      | Reached skill level 7 in Axes
  3932 | D:5      | 3932 ||| DRINKING 2 potions of curing.
  3932 | D:5      | 3932 ||| (to cure confusion)
  4074 | D:5      | 4074 ||| Stepping ~*~*~tactically~*~*~ (stealth).
  4208 | D:5      | Reached skill level 1 in Throwing
  4208 | D:5      | Reached XP level 8. HP: 44/49 MP: 6/8
  4487 | D:5      | 4487 ||| DRINKING 2 murky black potions.
  4498 | D:6      | Found a staircase to the Ecumenical Temple.
  4499 | D:6      | 4499 ||| PLANNING TEMPLE
  4502 | D:6      | 4502 ||| FLEEEEING.
  4517 | D:6      | Noticed Grinder
  4518 | D:6      | 4518 ||| Stepping ~*~*~tactically~*~*~ (stealth).
  4519 | D:6      | 4519 ||| FLEEEEING.
  4520 | D:6      | 4520 ||| FLEEEEING.
  4521 | D:6      | 4521 ||| STAIRDANCE
  4559 | D:6      | 4559 ||| STAIRDANCE
  4563 | D:6      | Paralysed by Grinder for 2 turns
  4566 | D:6      | 4566 ||| STAIRDANCE
  4606 | D:6      | 4606 ||| STAIRDANCE
  4619 | D:6      | 4619 ||| STAIRDANCE
  4622 | D:6      | Paralysed by Grinder for 2 turns
  4624 | D:6      | 4624 ||| STAIRDANCE
  4632 | D:6      | Paralysed by Grinder for 5 turns
  4639 | D:6      | Killed Grinder
  4640 | D:6      | Reached skill level 8 in Axes
  4640 | D:6      | 4640 ||| STAIRDANCE
  4678 | Temple   | Entered the Ecumenical Temple
  4702 | Temple   | 4702 ||| PLANNING OKAWARU WORSHIP
  4836 | Temple   | Became a worshipper of Warmaster Okawaru
  4837 | Temple   | 4837 ||| PLANNING D:1-11
  4837 | Temple   | 4837 ||| REMOVING amulet of guardian spirit.
  4842 | Temple   | 4842 ||| DROPPING amulet of guardian spirit.
  4870 | D:6      | Found a glowing silver altar of Zin.
  4879 | D:6      | 4879 ||| Stepping ~*~*~tactically~*~*~ (stealth).
  4880 | D:6      | 4880 ||| Stepping ~*~*~tactically~*~*~ (stealth).
  4897 | D:6      | HP: 11/51 [killer bee (3)]
  4898 | D:6      | 4898 ||| READING 2 scrolls of teleportation.
  4898 | D:6      | HP: 2/51 [killer bee (4)]
  4901 | D:6      | Reached skill level 6 in Fighting
  4916 | D:6      | 4916 ||| READING scroll of teleportation.
  4921 | D:6      | HP: 5/51 [orc/+0 flail (4)]
  4921 | D:6      | HP: 2/51 [orc wizard/+0 dagger (3)]
  4923 | D:6      | Slain by an orc

Levels and vault maps discovered:
D:1:      dpeg_arrival_lava_altar, layout_basic
D:2:      layout_basic, hellmonk_ecumenical_altar_watching_god, uniq_natasha
D:3:      layout_loops_cross, gammafunk_temple_overflow_claw, lemuel_tele_altar,
          worldfamousw_hep_ancestral_shrine
D:4:      layout_basic, nicolae_overflow_two_pavilions
D:5:      layout_loops_ring
D:6:      layout_rooms, fedhas_ov_isle_minmay, lemuel_crystal_altar,
          minmay_temple_entry_large_hall, serial_glass, glass_columns_a,
          glass_columns_b, glass_columns_a, glass_columns_a,
          minmay_misc_feat_secret_circle, kennysheep_nondescript,
          minmay_small_thing, uniq_grinder
Temple:   chequers_temple_sunken

Skill      XL: |  1  2  3  4  5  6  7  8 |
---------------+-------------------------+-----
Axes           | 2 3 4 5 6 7 8 |  8.4
Fighting       | 4 5 6 |  6.1
Dodging        | 1 |  1.4
Throwing       | 1 |  1.4
Armour         | 4 |  4.0
Shields        | |  3.2

Action                   |  1- 3 |  4- 6 |  7- 9 || total
-------------------------+-------+-------+-------++-------
Melee: War axe           |    99 |   158 |   145 ||   402
Throw: Boomerang         |       |       |     8 ||     8
  Use: Scroll            |     6 |     9 |     3 ||    18
       Potion            |       |     3 |     3 ||     6
Armor: Scale mail        |    57 |    19 |       ||    76
       Chain mail        |       |    92 |   122 ||   214
Dodge: Dodged            |    46 |    70 |    52 ||   168
Block: Buckler           |    13 |    38 |    31 ||    82

Table legend:
 A = Non-vault XP
 B = Vault XP
 C = Vault XP percentage of total XP
 D = Non-vault monster count
 E = Vault monster count
 F = Vault count percentage of total count
                 A         B        C        D         E       F
            +---------+---------+-------+---------+---------+-------
      Total |    1875 |     312 |  14.3 |     123 |       2 |   1.6
            +---------+---------+-------+---------+---------+-------
        D:1 |      22 |       0 |   0.0 |      13 |       0 |   0.0
        D:2 |     165 |      35 |  17.5 |      22 |       1 |   4.3
        D:3 |      77 |       0 |   0.0 |      28 |       0 |   0.0
        D:4 |     487 |       0 |   0.0 |      24 |       0 |   0.0
        D:5 |     562 |       0 |   0.0 |      25 |       0 |   0.0
        D:6 |     562 |     277 |  33.0 |      11 |       1 |   8.3
            +---------+---------+-------+---------+---------+-------
